 Dungeon Crawl Stone Soup version 0.20-a0-957-g47ad1fd (webtiles) character file.

29800 relicbr the Markscentaur (level 13, -11/104 HPs)
             Began as a Centaur Hunter on Apr 5, 2017.
             Was a High Priest of Hepliaklqana.
             Killed from afar by Harold (36 damage)
             ... with a bolt of fire
             ... on level 4 of the Lair of Beasts on Apr 6, 2017.
             The game lasted 01:13:14 (16044 turns).

relicbr the Markscentaur (Centaur Hunter)          Turns: 16044, Time: 01:13:14

Health: -11/104    AC: 14    Str: 15    XL:     13   Next: 17%
Magic:  13/13      EV: 12    Int: 10    God:    Hepliaklqana [*****.]
Gold:   1278       SH:  0    Dex: 15    Spells: 12/12 levels left

rFire    . . .     SeeInvis .   b - +7 longbow "Piercer" {penet, EV-2}
rCold    . . .     Gourm    .   (shield currently unavailable)
rNeg     . . .     Faith    .   L - +0 troll leather armour
rPois    .         Spirit   .   (no helmet)
rElec    .         Reflect  .   (no cloak)
rCorr    .         Harm     +   t - +2 pair of gloves
MR       .....                  J - +0 centaur barding
Stlth    +.........             l - amulet of harm
Regen    0.7/turn               g - +2 ring of slaying
MPRegen  0.2/turn               E - +4 ring of evasion

@: very quick
A: reduced essence, hooves 3, deformed body, speed 2, tough skin 3
a: Recall Ancestor, Ancestor Identity, Transference, Idealise, Renounce Religion


You were on level 4 of the Lair of Beasts.
You worshipped Hepliaklqana.
Hepliaklqana was extremely pleased with you.
You were not hungry.

You visited 3 branches of the dungeon, and saw 15 of its levels.
You also visited: Volcano.

You collected 1278 gold pieces.

Inventory:

Hand Weapons
 a - the +8 dagger "Nogyneme" {venom, rPois rC+++ MP-9 Int+2}
   (You found it on level 6 of the Dungeon)

   It poisons the flesh of those it strikes.
   It affects your intelligence (+2).
   It renders you almost immune to cold.
   It protects you from poison.
   It affects your magic capacity (-9).
 b - the +7 longbow "Piercer" (weapon) {penet, EV-2}
   (You found it on level 10 of the Dungeon)

   Ammo fired by it will pass through the targets it hits, potentially hitting
   all targets in its path until it reaches maximum range.
   It affects your evasion (-2).
Missiles
 d - 143 arrows (quivered)
Armour
 t - a +2 pair of gloves (worn)
 J - a +0 centaur barding (worn)
 L - a +0 troll leather armour (worn)
Jewellery
 g - a +2 ring of slaying (left hand)
 l - an amulet of harm (around neck)
 x - the ring "Tepuh" {*Slow rElec rN++ Str-3 SInv}
   (You found it on level 4 of the Lair of Beasts)

   [ring of strength]

   It affects your strength (-3).
   It insulates you from electricity.
   It greatly protects you from negative energy.
   It lets you see invisible.
   It may slow you when you take damage.
 E - a +4 ring of evasion (right hand)
 T - a +2 ring of protection
Wands
 e - a wand of iceblast (10/15)
 w - a wand of confusion (12/48)
 B - a wand of clouds (8/9)
Scrolls
 c - 3 scrolls of fog
 j - a scroll of enchant armour
 o - a scroll of fear
 p - 8 scrolls of teleportation
 q - a scroll of remove curse
Potions
 h - 5 potions of invisibility
 k - a potion of heal wounds
 n - 5 potions of curing
 r - a potion of resistance {unknown}
 u - a potion of might
Comestibles
 f - 10 bread rations
 i - 10 royal jellies
 m - 27 fruits
 s - 7 meat rations
 v - 10 chunks of flesh


   Skills:
 - Level 11.3 Fighting
 - Level 20.0 Bows
 - Level 6.1 Armour
 * Level 5.5 Dodging
 - Level 0.4 Stealth


You had 12 spell levels left.
You didn't know any spells.

Dungeon Overview and Level Annotations

Branches:
Dungeon (10/15)            Temple (1/1) D:4            Lair (4/6) D:10
  Swamp (0/4) Lair:4       Spider (0/4) Lair:2
    Orc: D:9-12

Altars:
Ashenzari
Cheibriados
Dithmenos
Elyvilon
Fedhas
Gozag
Hepliaklqana
Kikubaaqudgha
Makhleb
Nemelex Xobeh
Okawaru
Qazlal
Ru
Sif Muna
Trog
Uskayaw
Vehumet
Wu Jian
Xom
Yredelemnul
Zin
The Shining One

Portals:
Trove: D:10 (show slimy rune of Zot)

Annotations:
Lair:4 Harold


Innate Abilities, Weirdness & Mutations

You have hooves in place of feet.
Armour fits poorly on your strangely shaped body.
You cover ground very quickly.
You have extremely tough skin. (AC +3)
Your life essence is reduced. (-10% HP)


Message History

Harold gestures at you while chanting. The bolt of fire hits you!
* * * LOW HITPOINT WARNING * * *
Firing (i - inventory):
d - 145 arrows (quivered)
Press: ? - help, Shift-Dir - straight line, f/p - Harold
Aim: Harold, wielding a dire flail and wearing a runed ring mail (moderately wounded)
You shoot an arrow. The arrow pierces through Harold!
Harold is moderately wounded.
Firing (i - inventory):
d - 144 arrows (quivered)
Press: ? - help, Shift-Dir - straight line, f/p - Harold
Aim: Harold, wielding a dire flail and wearing a runed ring mail (moderately wounded)
You shoot an arrow. The arrow completely misses Harold.
Harold says happily, "The price on your head will fill my nest egg nicely!"
Harold casts a spell at you. The bolt of fire hits you!
* * * LOW HITPOINT WARNING * * *
You feel much better.
Zoran hits Harold with a flail!
Harold points at you and mumbles some strange words.
The bolt of fire hits you!
You die...

#...##### #...... .#.#.#..#
#.P.P.# ........## ##...##
.........# ### ####+##.#
?.......## #P###......R.
........# ##...'........
(.....R(# ###...#P........
.....(.@# ####....###........
........#######.@PP.####.........
.........#...#...P...# #.....<...
.........#.......P#### ##........
.........R@.####### #.##.#..#
.........(### #########
###.##.#### ## ##


You could see the friendly Zoran the knight and Harold.

Vanquished Creatures
  Rupert (Lair:4)
  2 hydras
  Erica (D:10)
  2 two-headed ogres
  An ugly thing (D:10)
  An orc sorcerer (Volcano)
  A manticore (D:10)
  2 molten gargoyles (Volcano)
  9 spiny frogs
  A gargoyle (D:10)
  A black mamba (Lair:2)
  A smoke demon (Volcano)
  A red devil (Volcano)
  The ghost of pokedragonboy the Changer, an amateur DrTm (D:4)
  16 blink frogs
  6 hippogriffs
  A redback (Lair:2)
  A wraith (D:9)
  2 wyverns
  21 yaks
  6 fire bats (Volcano)
  Edmund (D:4)
  5 porcupines
  4 water moccasins
  A hell hound (Volcano)
  2 orc warriors
  2 ice beasts
  2 black bears
  An ogre (D:10)
  2 phantoms
  4 wolves (Lair:3)
  2 centaurs
  6 crocodiles
  2 big kobolds (D:10)
  6 bullfrogs
  2 scorpions
  4 killer bees (D:10)
  3 electric eels
  2 wights (D:10)
  3 howler monkeys
  6 lava snakes (Volcano)
  3 crimson imps
  A bullfrog zombie (D:10)
  2 quasits
  5 orc priests
  5 hounds
  2 jellies
  2 bullfrog skeletons (D:10)
  An iguana (D:5)
  7 orc wizards
  7 worker ants
  A killer bee zombie (D:5)
  A hound skeleton (D:8)
  14 gnolls
  9 adders
  2 shadow imps
  An ooze (D:3)
  An adder skeleton (D:5)
  3 worms
  4 dart slugs
  5 leopard geckos
  17 orcs
  5 giant cockroaches
  12 goblins
  10 hobgoblins
  5 jackals
  14 kobolds
  4 quokkas
  7 ball pythons
  5 bats
  6 frilled lizards
  A leopard gecko skeleton (D:4)
  A leopard gecko zombie (D:6)
  4 rats
  2 plants (Lair:3)
307 creatures vanquished.

Vanquished Creatures (collateral kills)
  A hydra (Lair:1)
  A black mamba (Lair:2)
  3 spiny frogs
  A komodo dragon (Lair:2)
  2 red devils (Volcano)
  A troll (D:10)
  A blink frog (Lair:2)
  A fire bat (Volcano)
  A basilisk (D:10)
  3 yaks
  2 water moccasins (Lair:1)
  A porcupine (Lair:1)
  2 ogres
  A wolf (Lair:3)
  A crocodile (D:10)
  2 bullfrogs
  2 wights (D:10)
  A howler monkey (D:9)
  A crimson imp (D:8)
  A lava snake (Volcano)
  An orc priest (D:7)
  A worker ant (D:4)
  3 orc wizards
  Robin (D:4)
  A worker ant zombie (D:6)
  A gnoll (D:10)
  An ooze (D:4)
  A leopard gecko (D:4)
  9 orcs
  5 goblins (D:4)
  A hobgoblin (D:4)
  A kobold (D:10)
  3 plants
58 creatures vanquished.

Vanquished Creatures (others)
  9 knights
  3 ancestors
  A fungus (Lair:4)
  2 plants
15 creatures vanquished.

Grand Total: 380 creatures vanquished

Notes
Turn   | Place    | Note
-------+----------+-------------------------------------------
     0 | D:1      | relicbr the Centaur Hunter began the quest for the Orb.
     0 | D:1      | Reached XP level 1. HP: 17/17 MP: 1/1
   125 | D:1      | Reached XP level 2. HP: 24/24 MP: 2/2
   133 | D:1      | Reached skill level 6 in Bows
   382 | D:1      | Reached XP level 3. HP: 27/29 MP: 3/3
   647 | D:2      | Reached skill level 7 in Bows
   781 | D:2      | Reached XP level 4. HP: 17/36 MP: 4/4
  1457 | D:2      | Reached skill level 8 in Bows
  1857 | D:3      | Noticed a phantom
  1871 | D:3      | Killed a phantom
  1871 | D:3      | Reached skill level 9 in Bows
  1871 | D:3      | Reached XP level 5. HP: 32/41 MP: 5/5
  1978 | D:3      | HP: 1/41 [gnoll/flail (10)]
  2559 | D:3      | Reached XP level 6. HP: 48/48 MP: 6/6
  2599 | D:3      | Reached skill level 10 in Bows
  3129 | D:3      | Found a radiant altar of Vehumet.
  3132 | D:3      | Found a hazy altar of Hepliaklqana.
  3135 | D:3      | Found a snail-covered altar of Cheibriados.
  3139 | D:3      | Became a worshipper of Hepliaklqana the Forgotten
  3428 | D:4      | Noticed pokedragonboy's ghost (amateur DrTm)
  3446 | D:5      | Entered Level 5 of the Dungeon
  3539 | D:5      | Noticed an ice beast
  3620 | D:5      | Killed an ice beast
  3620 | D:5      | Reached skill level 11 in Bows
  3620 | D:5      | Reached XP level 7. HP: 47/49 MP: 7/7
  4348 | D:5      | Found a burning altar of Makhleb.
  4675 | D:6      | Reached skill level 12 in Bows
  4709 | D:6      | Got a crude dagger
  4710 | D:6      | Identified the +8 dagger "Nogyneme" {venom, rPois rC+++ MP-9 Int+2} (You found it on level 6 of the Dungeon)
  4901 | D:6      | Found a bloodstained altar of Trog.
  4945 | D:6      | Reached * piety under Hepliaklqana
  5377 | D:6      | Found a deep blue altar of Sif Muna.
  5501 | D:6      | Reached XP level 8. HP: 54/54 MP: 5/8
  6090 | D:7      | Reached skill level 13 in Bows
  6298 | D:7      | Reached ** piety under Hepliaklqana
  6299 | D:7      | Remembered your ancestor Zoran as a knight
  6761 | D:8      | Reached skill level 14 in Bows
  7622 | D:8      | Reached skill level 15 in Bows
  7682 | D:8      | Noticed a hippogriff
  7700 | D:8      | Killed a hippogriff
  7700 | D:8      | Reached XP level 9. HP: 52/63 MP: 0/9
  8013 | D:9      | Found a stormy altar of Qazlal.
  8015 | D:9      | Found a blossoming altar of Fedhas.
  8164 | D:9      | Noticed a two-headed ogre
  8184 | D:9      | Killed a two-headed ogre
  8203 | D:9      | Reached *** piety under Hepliaklqana
  8549 | D:10     | Entered Level 10 of the Dungeon
  8791 | D:10     | Found a staircase to the Lair.
  8817 | D:10     | Reached XP level 10. HP: 81/81 MP: 10/10
  9136 | D:10     | Noticed Erica
  9154 | D:10     | Killed Erica
  9154 | D:10     | Reached skill level 10 in Fighting
  9585 | D:10     | Noticed a two-headed ogre
  9592 | D:10     | Killed a two-headed ogre
  9661 | D:10     | Reached skill level 1 in Armour
  9726 | D:10     | Found a portal to a secret trove of treasure.
  9889 | D:10     | Reached **** piety under Hepliaklqana
  9915 | D:10     | Noticed a gargoyle
  9952 | D:10     | Killed a gargoyle
 10183 | D:10     | Noticed a brown ugly thing
 10249 | D:10     | Killed a brown ugly thing
 10249 | D:10     | Reached XP level 11. HP: 91/91 MP: 5/11
 10608 | D:4      | Killed pokedragonboy's ghost
 10709 | D:4      | Found a staircase to the Ecumenical Temple.
 10717 | Temple   | Entered the Ecumenical Temple
 10828 | D:4      | Noticed Robin
 10887 | D:4      | Killed Robin
 11088 | D:4      | Noticed Edmund
 11096 | D:4      | Killed Edmund
 11242 | D:4      | Found an opulent altar of Gozag.
 11243 | D:4      | Found a sparkling altar of Nemelex Xobeh.
 11373 | Lair:1   | Entered Level 1 of the Lair of Beasts
 11416 | Lair:1   | Noticed a four-headed hydra
 11441 | Lair:1   | Killed a four-headed hydra
 11441 | Lair:1   | Reached skill level 16 in Bows
 11651 | Lair:1   | Noticed a five-headed hydra
 11662 | Lair:1   | Killed a five-headed hydra
 11801 | Lair:1   | Reached skill level 17 in Bows
 12441 | Lair:2   | Found a hole to the Spider Nest.
 12460 | Lair:2   | Found a dark tunnel.
 12474 | Volcano  | Entered a volcano
 12830 | Volcano  | Found a radiant altar of Vehumet.
 12839 | Volcano  | Reached skill level 18 in Bows
 12887 | Volcano  | Noticed an orc sorcerer
 12888 | Volcano  | Paralysed by an orc sorcerer for 6 turns
 12913 | Volcano  | Killed an orc sorcerer
 13045 | Volcano  | Reached XP level 12. HP: 99/99 MP: 12/12
 13275 | Lair:2   | Reached skill level 19 in Bows
 14199 | Lair:3   | Reached ***** piety under Hepliaklqana
 14284 | Lair:3   | Noticed a six-headed hydra
 14293 | Lair:3   | Killed a six-headed hydra
 14293 | Lair:3   | Reached skill level 20 in Bows
 14447 | Lair:3   | Got a transparent dagger
 14460 | Lair:3   | Identified the +7 dagger of the Manifold Spirits {venom, rN+} (You found it on level 3 of the Lair of Beasts)
 14566 | Lair:3   | Reached skill level 5 in Armour
 15585 | Lair:4   | Got a translucent steel ring
 15587 | Lair:4   | Identified the cursed ring "Tepuh" {*Slow rElec rN++ Str-3 SInv} (You found it on level 4 of the Lair of Beasts)
 15641 | Lair:4   | Reached XP level 13. HP: 104/104 MP: 4/13
 15815 | Lair:4   | Found a staircase to the Swamp.
 15912 | Lair:4   | Noticed Rupert
 15925 | Lair:4   | Paralysed by Rupert for 7 turns
 15965 | Lair:4   | Paralysed by Rupert for 4 turns
 15973 | Lair:4   | Killed Rupert
 15973 | Lair:4   | Reached skill level 5 in Dodging
 16011 | Lair:4   | Noticed Harold
 16043 | Lair:4   | HP: 5/104 [Harold/bolt of fire (14)]
 16044 | Lair:4   | Killed from afar by Harold

Vault maps used:
D:1:      ncdulo_halloftheorcs, grunt_decor_fettered, minmay_domino_4
D:2:      minmay_misc_feat_iff, minmay_misc_feat_secret_circle, minivault_26,
          minmay_shallow_snake_nest
D:3:      grunt_temple_overflow_diamond, first_bread
D:4:      grunt_temple_overflow_opulence, temple_green, dk_vineyard_1,
          uniq_edmund, uniq_robin
D:5:      makhleb_heckhound_becter
D:6:      lemuel_ice_spiral_2, bloody_trog, kennysheep_small_spiral,
          lemuel_blue_sif_altar
D:8:      grunt_ogre_cave, grunt_ministairs_7
D:9:      grunt_temple_overflow_forces_of_nature
D:10:     wad_guarded_room, david_lair_generic, nicolae_trove_entry_crystal,
          st_stairs_13, uniq_erica
Temple:   cyrus_circular_temple
Lair:2:   spider_nest_entry_webs, serial_forest, infiniplex_forest_lined_3,
          infiniplex_forest_lined_1, infiniplex_forest_side_room,
          infiniplex_forest_pool, infiniplex_forest_3_way,
          infiniplex_forest_lined_2, infiniplex_forest_clump_medium,
          lightli_volcano_entry_magma_tube
Lair:3:   st_stairs_6, wad_woods_river_02, infiniplex_staircase_pool_2
Lair:4:   swamp_mist_pool, serial_bayou_shore_a, uniq_rupert, uniq_harold
Volcano:  volcano_grotto

Skill      XL: |  1  2  3  4  5  6  7  8  9 10 11 12 13 |
---------------+----------------------------------------+-----
Bows           | 6 7 9 11 12 15 18 20 | 20.0
Fighting       | 3 9 11 | 11.3
Armour         | 4 6 |  6.1
Dodging        | 4 5 |  5.5
Stealth        | |  0.4

Action                   |  1- 3 |  4- 6 |  7- 9 | 10-12 | 13-15 || total
-------------------------+-------+-------+-------+-------+-------++-------
Melee: Short sword       |   105 |   127 |    13 |       |       ||   245
       Kick              |    16 |    24 |    19 |    47 |       ||   106
       Flail             |       |       |    20 |       |       ||    20
       Dagger            |       |       |    55 |   185 |       ||   240
 Fire: Shortbow          |    19 |   115 |   171 |   128 |       ||   433
       Longbow           |       |       |       |   249 |    32 ||   281
Throw: Tomahawk          |       |     8 |     1 |       |       ||     9
Invok: Recall Ancestor   |       |     1 |     8 |    11 |     2 ||    22
       Ancestor Identity |       |     1 |       |       |       ||     1
       Ancestor Life: Kn |       |       |     1 |       |       ||     1
       Idealise          |       |       |       |       |     1 ||     1
Evoke: Wand              |       |       |       |     4 |       ||     4
  Use: Scroll            |       |     8 |     4 |     9 |     1 ||    22
       Potion            |       |       |     3 |       |     3 ||     6
 Stab: Distracted        |       |       |       |     2 |       ||     2
  Eat: Chunk             |       |     6 |    12 |    11 |     1 ||    30
       Fruit             |       |       |       |     7 |       ||     7
Armor: Leather armour    |     8 |       |       |       |       ||     8
       Scale mail        |    14 |       |       |       |       ||    14
       Ring mail         |    17 |    50 |    60 |     8 |       ||   135
       Troll leather arm |       |       |       |    63 |       ||    63
Dodge: Dodged            |    39 |    70 |    42 |   128 |     5 ||   284
